 Dungeon Crawl Stone Soup version 0.22.0-13-g43fe8f2 (webtiles) character file.

3679 Loudmushroom the Cleaver (level 9, -3/121 HPs)
             Began as a Minotaur Fighter on Aug 16, 2018.
             Was an Elder of Okawaru.
             Slain by a killer bee (9 damage)
             ... on level 8 of the Dungeon.
             The game lasted 01:22:46 (7833 turns).

Loudmushroom the Cleaver (Minotaur Fighter)         Turns: 7833, Time: 01:22:47

Health: -3/121     AC: 24    Str: 26    XL:     9   Next: 90%
Magic:  11/11      EV:  2    Int:  5    God:    Okawaru [****..]
Gold:   289        SH: 11    Dex: 12    Spells: 8/8 levels left

rFire    . . .     SeeInvis +   a - +1 war axe
rCold    . . .     Gourm    .   c - +0 shield
rNeg     + + +     Faith    .   (armour currently unavailable)
rPois    +         Spirit   .   (helmet currently unavailable)
rElec    .         Reflect  .   (cloak currently unavailable)
rCorr    .         Harm     .   (gloves currently unavailable)
MR       .....     NoTele   +   (boots currently unavailable)
Stlth    +.........             (no amulet)
HPRegen  0.30/turn              L - ring of New Discoveries {rPois Str+4 SInv}
MPRegen  0.12/turn              (no ring)

@: lethally poisoned (-3 -> -5), tree-form
A: (retaliatory headbutt)
a: Heroism, Renounce Religion


You were on level 8 of the Dungeon.
You worshipped Okawaru.
Okawaru was greatly pleased with you.
You were not hungry.
You were a tree.
You visited 1 branch of the dungeon, and saw 8 of its levels.
You also visited: Ossuary.

You collected 289 gold pieces.

Inventory:

Hand Weapons
 a - a +1 war axe (weapon)
 b - a +0 hunting sling
 q - a +0 morningstar
 t - a +0 broad axe
 A - a +0 battleaxe
Missiles
 e - 87 sling bullets
 g - 43 arrows
 k - 188 stones
 o - 41 poisoned needles
 v - 8 tomahawks (quivered)
 C - 29 bolts
Armour
 c - a +0 shield (worn)
 h - a +2 pair of gloves (melded)
 w - a +0 chain mail of cold resistance
 y - a cursed +0 leather armour
 M - a +0 plate armour (melded)
Jewellery
 H - an uncursed ring of protection from cold {unknown}
 L - the ring of New Discoveries (left branch) {rPois Str+4 SInv}
   (You found it in an ossuary)

   [ring of strength]

   It affects your strength (+4).
   It protects you from poison.
   It lets you see invisible.
 N - an uncursed ring of flight {unknown}
Wands
 m - a wand of flame (32)
 B - a wand of random effects (41)
 D - a wand of digging (11)
 G - a wand of clouds (5)
Scrolls
 l - 4 scrolls of identify
 s - a scroll of teleportation
Potions
 d - 2 potions of might
 i - 2 potions of berserk rage {unknown}
 j - 7 potions of curing
 n - 8 potions of heal wounds
 p - a potion of agility {unknown}
 r - a potion of flight {unknown}
 u - 3 potions of brilliance {unknown}
 x - a potion of degeneration {unknown}
 z - a potion of lignification
 E - 2 potions of ambrosia {unknown}
 F - a potion of invisibility
 J - 2 potions of mutation {unknown}
 K - 3 potions of haste
 O - a potion of magic {unknown}
 P - a potion of resistance {unknown}
Comestibles
 f - 6 rations


   Skills:
 + Level 7.9 Fighting
 * Level 10.3 Axes
 + Level 7.9 Armour
 + Level 7.8 Shields
 + Level 4.6 Invocations
 + Level 2.0 Evocations


You had 8 spell levels left.
You didn't know any spells.
Your spell library contained the following spells:

 Spells                   Type           Power        Failure   Level  Hunger
 Magic Dart               Conj           #...         80%         1    ##.....
 Iskenderun's Mystic Bla  Conj           #.......     100%        4    #####..
 Fulminant Prism          Conj/Hex       #.........   100%        4    #####..
 Dazzling Spray           Conj/Hex       #.....       99%         3    ####...
 Force Lance              Conj/Tloc      #.......     100%        4    #####..
 Searing Ray              Conj           #.....       90%         2    ###....


Dungeon Overview and Level Annotations

Branches:
Dungeon (8/15)             Temple (0/1) D:4
   Lair: D:8-11

Altars:
Cheibriados
Okawaru
Uskayaw
Yredelemnul


Innate Abilities, Weirdness & Mutations

((You reflexively headbutt those who attack you in melee.))
((You have a pair of horns on your head.))


Message History

The killer bee stings you but does no damage.
You block the killer bee's attack.
The killer bee stings you but does no damage.
You block the killer bee's attack.
The killer bee stings you but does no damage.
You block the killer bee's attack.
The killer bee stings you but does no damage. x5
The killer bee stings you.
* * * LOW HITPOINT WARNING * * *
The killer bee stings you but does no damage.
You miss the killer bee.
The killer bee is almost dead.
You slash the killer bee!
You kill the killer bee!
Okawaru accepts your kill.
You closely miss the killer bee. You hit the killer bee.
You miss the killer bee. You block the killer bee's attack. x2
The killer bee stings you but does no damage.
The killer bee stings you!
You die...

.... #....#####..# ...
#....##....# #### ..
+....#....## # #....#....#
.....#....## .....##....#
#.## #....y###
.#....#...†y#
#.....†..yy♣#
##.#.##..yyy######### #.
#####.........# # ###.
#.........# # #....
#.........#
...?....########.........#
.....................##'##
.....................#..#
.....................'..#


You could see a queen bee and 6 killer bees.

Vanquished Creatures
  A hippogriff (D:7)
  A hungry ghost (D:7)
  Duvessa (D:7)
  4 ice beasts
  An orc warrior (D:7)
  2 sky beasts
  2 phantoms (D:4)
  4 ogres
  Blork the orc (D:6)
  3 bullfrogs
  A water moccasin zombie (Ossuary)
  Dowan (D:7)
  3 scorpions
  5 killer bees (D:8)
  4 wights (D:6)
  A howler monkey (D:6)
  2 crimson imps
  3 centaur zombies
  3 hounds
  2 bullfrog zombies
  A jelly (D:8)
  2 orc wizards (D:6)
  2 orc priests (D:6)
  An iguana (D:5)
  3 worker ants
  7 hound zombies (Ossuary)
  9 mummies (Ossuary)
  A hound skeleton (D:4)
  6 worker ant zombies
  2 howler monkey zombies (Ossuary)
  4 gnolls (D:8)
  12 adders
  A shadow imp (D:5)
  An ooze (D:6)
  3 adder zombies (Ossuary)
  6 worms
  2 dart slugs (D:1)
  5 leopard geckos
  16 orcs
  3 ball pythons
  8 giant cockroaches
  6 goblins
  9 hobgoblins
  3 jackals (D:1)
  5 quokkas
  A ball python zombie (Ossuary)
  7 bats
  7 frilled lizards
  A giant cockroach zombie (Ossuary)
  A jackal skeleton (D:7)
  6 kobolds
  2 quokka zombies (Ossuary)
  9 rats
197 creatures vanquished.

Vanquished Creatures (others)
  A withered plant (Ossuary)
1 creature vanquished.

Grand Total: 198 creatures vanquished

Notes
Turn   | Place    | Note
-------+----------+-------------------------------------------
     0 | D:1      | Loudmushroom the Minotaur Fighter began the quest for the Orb.
     0 | D:1      | Reached XP level 1. HP: 19/19 MP: 0/0
   183 | D:1      | Reached XP level 2. HP: 27/27 MP: 1/1
   369 | D:1      | Reached skill level 3 in Axes
   757 | D:2      | Reached XP level 3. HP: 33/33 MP: 2/2
   813 | D:2      | Found an iron altar of Okawaru.
   876 | D:2      | Became a worshipper of Warmaster Okawaru
   898 | D:2      | Reached XP level 4. HP: 37/40 MP: 3/3
  1153 | D:2      | Reached skill level 4 in Axes
  1875 | D:3      | Reached XP level 5. HP: 45/47 MP: 4/4
  2729 | D:4      | Reached * piety under Okawaru
  2729 | D:4      | Reached skill level 5 in Axes
  2787 | D:4      | Found a basalt altar of Yredelemnul.
  2796 | D:4      | Noticed a phantom
  2797 | D:4      | Reached XP level 6. HP: 55/55 MP: 5/5
  2821 | D:4      | Reached skill level 5 in Fighting
  2821 | D:4      | Reached skill level 5 in Armour
  2821 | D:4      | Reached skill level 5 in Shields
  2920 | D:4      | Found a staircase to the Ecumenical Temple.
  3315 | D:5      | Entered Level 5 of the Dungeon
  3419 | D:5      | Reached skill level 6 in Axes
  3674 | D:5      | Found a hide-covered altar of Uskayaw.
  3791 | D:5      | Reached XP level 7. HP: 58/61 MP: 6/6
  3833 | D:5      | Reached ** piety under Okawaru
  3851 | D:5      | Reached skill level 1 in Invocations
  4096 | D:5      | Reached skill level 7 in Axes
  4317 | D:5      | Reached XP level 8. HP: 53/70 MP: 8/8
  4670 | D:5      | Reached *** piety under Okawaru
  5037 | D:6      | Reached skill level 8 in Axes
  5167 | D:6      | Found a sand-covered staircase.
  5173 | Ossuary  | Entered an ossuary
  5492 | Ossuary  | Got a coiled iron ring
  5594 | Ossuary  | Reached **** piety under Okawaru
  5794 | D:6      | Reached XP level 9. HP: 78/78 MP: 10/10
  5895 | D:6      | Reached skill level 9 in Axes
  6127 | D:6      | Found a snail-covered altar of Cheibriados.
  6159 | D:6      | Noticed Blork the orc
  6166 | D:6      | Killed Blork the orc
  6350 | D:6      | Identified the ring of New Discoveries {rPois Str+4 SInv} (You found it in an ossuary)
  6763 | D:7      | Noticed Duvessa
  6764 | D:7      | Noticed Dowan
  6770 | D:7      | Killed Duvessa
  6776 | D:7      | Killed Dowan
  6818 | D:7      | Reached skill level 1 in Evocations
  7013 | D:7      | Reached skill level 10 in Axes
  7817 | D:8      | Noticed a queen bee
  7832 | D:8      | HP: 6/121 [killer bee (2)]
  7833 | D:8      | Slain by a killer bee

Skill      XL: |  1  2  3  4  5  6  7  8  9 |
---------------+----------------------------+-----
Axes           | 3 4 5 6 7 8 10 | 10.3
Fighting       | 4 5 6 7 |  7.9
Armour         | 4 5 6 7 |  7.9
Shields        | 4 5 6 7 |  7.8
Invocations    | 2 3 4 |  4.6
Evocations     | 2 |  2.0

Action                   |  1- 3 |  4- 6 |  7- 9 || total
-------------------------+-------+-------+-------++-------
Melee: War axe           |    57 |   152 |   364 ||   573
       Headbutt          |     9 |    30 |    87 ||   126
 Fire: Hunting sling     |       |    15 |    11 ||    26
  Use: Scroll            |       |    13 |     8 ||    21
       Potion            |       |       |     1 ||     1
  Eat: Chunk             |       |     7 |     5 ||    12
       Ration            |       |     1 |     3 ||     4
Armor: Scale mail        |    27 |    51 |       ||    78
       Chain mail        |       |     9 |   138 ||   147
       Skin              |       |       |    49 ||    49
       Plate armour      |       |       |    16 ||    16
Dodge: Dodged            |    27 |    40 |    76 ||   143
Block: Shield            |    43 |    70 |   194 ||   307
